Map: Ruins of Seras

Players

Rodzyn - Winner!

  • Race: Protoss Protoss
  • League: Grandmaster

Miszu

  • Race: Terran Terran
  • League: Master

VOD

Have the link to the VOD?

Description

Time

  • Played on: March 11, 2016, 2:30 p.m.
  • Length: 11:53
Show
View Real Time Build Order
Export as new Build Order

Rodzyn Protoss - Winner!

Build Orders: 1 Gate Expand, Blink Stalkers 

Get SALT Encoding   

  12  0:01  Probe (Chrono Boost)  
  13  0:12  Probe (Chrono Boost)  
  14  0:18  Pylon  
  14  0:23  Probe (Chrono Boost)  
  15  0:37  Probe (Chrono Boost)  
  15  0:39  Gateway  
  16  0:47  Probe (Chrono Boost)  
  16  0:48  Assimilator  
  17  1:00  Probe (Chrono Boost)  
  18  1:10  Probe (Chrono Boost)  
  19  1:25  Nexus  
  19  1:33  Probe (Chrono Boost)  
  20  1:41  Cybernetics Core  
  20  1:44  Probe (Chrono Boost)  
  21  1:49  Assimilator  
  21  1:56  Pylon  
  21  1:57  Probe (Chrono Boost)  
  22  2:08  Probe (Chrono Boost)  
  23  2:17  Stalker (Chrono Boost)  
  23  2:18  Warp Gate, Probe  
  26  2:31  Probe  
  26  2:32  Twilight Council  
  27  2:38  Probe (Chrono Boost)  
  27  2:43  Probe (Chrono Boost)  
  29  2:44  Stalker (Chrono Boost)  
  31  2:55  Probe x2 (Chrono Boost)  
  34  3:05  Probe (Chrono Boost)  
  34  3:06  Probe (Chrono Boost)  
  35  3:15  Probe (Chrono Boost)  
  35  3:16  Blink (Chrono Boost), Probe  
  35  3:17  Stalker  
  39  3:25  Probe  
  40  3:27  Pylon  
  40  3:30  Probe  
  41  3:39  Gateway  
  41  3:40  Probe  
  41  3:41  Gateway  
  42  3:51  Probe  
  42  3:52  Probe  
  44  4:01  Gateway, Probe  
  44  4:07  Probe  
  46  4:10  Gateway  
  46  4:12  Gateway, Mothership Core  
  46  4:15  Pylon  
  48  4:22  Probe  
  49  4:24  Stalker  
  51  4:34  Robotics Facility, Pylon, Probe x2  
  53  4:40  Stalker  
  53  4:45  Stalker  
  57  4:48  Probe  
  57  4:51  Stalker, Assimilator  
  60  4:57  Assimilator  
  60  4:58  Stalker  
  62  5:02  Probe (Chrono Boost)  
  62  5:04  Probe (Chrono Boost)  
  64  5:14  Stalker x3  
  64  5:18  Pylon  
  68  5:42  Stalker x5  
  68  5:47  Stalker  
  72  5:55  Nexus  
  72  6:09  Adept x3  
  72  6:11  Pylon  
  78  6:17  Pylon  
  74  6:30  Adept x3  
  74  6:31  Adept x2  
  74  6:32  Adept  
  82  6:34  Probe (Chrono Boost)  
  82  6:38  Mothership Core (Chrono Boost)  
  71  6:56  Adept x5  
  71  6:57  Adept  
  71  7:00  Resonating Glaives (Chrono Boost)  
  83  7:03  Probe (Chrono Boost)  
  83  7:05  Probe (Chrono Boost)  
  85  7:09  Probe (Chrono Boost)  
  85  7:12  Observer  
  85  7:13  Probe (Chrono Boost)  
  88  7:16  Probe (Chrono Boost)  
  87  7:25  Probe x2 (Chrono Boost)  
  87  7:26  Adept x4  
  97  7:30  Adept  
  97  7:32  Stalker  
  97  7:36  Probe x2 (Chrono Boost)  
  103  7:38  Probe (Chrono Boost)  
  103  7:42  Pylon  
  104  7:47  Probe x2  
  106  7:52  Adept  
  106  7:55  Pylon  
  106  7:56  Pylon  
  108  8:01  Adept x4  
  116  8:10  Probe  
  117  8:13  Warp Prism  
  117  8:14  Forge  
  117  8:15  Adept  
  117  8:18  Adept  
  123  8:20  Probe  
  116  8:39  Adept x3  
  116  8:40  Adept x3  
  101  8:57  Immortal, Probe  
  101  8:59  Protoss Ground Weapons Level 1 (Chrono Boost)  
  98  9:04  Adept x2  
  98  9:05  Adept x4  
  104  9:12  Gateway x2  
  104  9:14  Gateway  
  104  9:25  Adept x4  
  104  9:27  Nexus  
  112  9:35  Observer  
  109  9:42  Adept x2  
  111  9:51  Adept x3, Immortal  
  111  9:52  Adept  
  97  10:20  Adept x4  
  97  10:21  Adept x3  
  109  10:24  Adept x2  
  109  10:26  Immortal  
  119  10:41  Adept  
  119  10:42  Adept x3, Stalker x2  
  127  10:43  Stalker  
  125  11:03  Immortal  
  123  11:04  Adept x3  
  123  11:05  Adept x2  
  123  11:06  Adept x4  
  129  11:29  Adept  
  129  11:30  Adept x6  
  141  11:34  Assimilator  
  141  11:35  Assimilator  
  113  11:51  Adept x4  
  113  11:52  Adept x3  
  113  11:53  Adept  
Show
View Real Time Build Order
Export as new Build Order

Miszu Terran 

Build Orders: Command Center First (CC), MMM Bio 

Get SALT Encoding   

  12  0:00  SCV  
  13  0:12  SCV  
  14  0:18  Supply Depot  
  14  0:25  SCV  
  15  0:39  SCV  
  16  0:51  SCV  
  17  1:00  Command Center  
  17  1:03  SCV  
  18  1:16  SCV  
  19  1:18  Barracks  
  19  1:28  SCV  
  19  1:30  Barracks  
  20  1:40  SCV  
  21  1:48  Barracks  
  21  1:52  SCV  
  22  2:07  Marine, Orbital Command  
  23  2:15  Orbital Command  
  23  2:17  Marine  
  24  2:25  Marine  
  25  2:33  SCV  
  25  2:35  Refinery  
  25  2:36  Marine, Refinery  
  27  2:38  Marine  
  27  2:42  SCV  
  27  2:44  Marine  
  30  2:51  Supply Depot  
  30  2:53  Marine  
  30  2:54  SCV  
  30  2:56  Marine  
  30  2:57  SCV  
  34  3:04  Barracks Tech Lab  
  34  3:06  SCV  
  34  3:09  SCV  
  34  3:12  Marine  
  36  3:14  Marine  
  36  3:18  SCV  
  36  3:19  Supply Depot  
  38  3:22  SCV  
  39  3:27  Marine  
  39  3:29  Stimpack  
  39  3:30  Marine, SCV  
  39  3:32  Marine  
  43  3:35  Supply Depot  
  43  3:37  SCV  
  44  3:42  SCV  
  46  3:51  Marine x2  
  46  3:53  Factory, Marauder, SCV  
  50  3:55  SCV  
  50  3:58  Supply Depot  
  50  4:04  Bunker  
  50  4:08  Marine  
  50  4:09  Marine  
  52  4:11  SCV  
  52  4:13  SCV  
  52  4:14  Marauder  
  56  4:23  Engineering Bay, SCV  
  57  4:24  Refinery  
  57  4:26  Supply Depot, SCV  
  57  4:28  Marine  
  57  4:29  Marine  
  60  4:35  SCV  
  61  4:38  SCV  
  61  4:40  Marauder, Widow Mine  
  66  4:46  Starport, Marine  
  66  4:49  Supply Depot, SCV  
  68  4:55  Missile Turret  
  68  4:57  Marine  
  69  5:01  Marauder  
  69  5:03  Marine  
  70  5:09  Widow Mine  
  70  5:13  Liberator  
  72  5:19  SCV  
  72  5:20  SCV  
  74  5:28  Marine x2, Marauder  
  78  5:31  SCV  
  78  5:33  SCV  
  77  5:43  Widow Mine, SCV  
  77  5:45  SCV  
  81  5:55  SCV  
  81  5:56  Barracks Tech Lab  
  82  5:57  Marine, Marauder, SCV  
  83  6:07  SCV  
  83  6:09  Bunker x2  
  82  6:13  Medivac  
  82  6:15  Marine  
  82  6:17  SCV  
  86  6:21  Marine  
  86  6:23  Marauder  
  83  6:29  SCV  
  79  6:32  Marine  
  79  6:36  SCV  
  81  6:40  Marauder  
  81  6:42  SCV  
  80  6:55  Marine, Marauder  
  80  6:57  SCV x2  
  80  7:01  Marine  
  86  7:04  Medivac, Widow Mine  
  86  7:06  Refinery  
  86  7:07  Terran Infantry Weapons Level 1  
  90  7:09  SCV  
  90  7:13  Marine  
  90  7:15  Supply Depot  
  92  7:17  Marauder  
  92  7:19  Marauder  
  92  7:22  Combat Shields, Concussive Shells  
  94  7:31  Supply Depot  
  94  7:36  Marine, SCV x2  
  94  7:37  Barracks x2  
  97  7:38  Marauder  
  97  7:40  Marine  
  97  7:42  Starport Tech Lab  
  97  7:43  Medivac  
  102  7:44  Factory Reactor  
  102  7:53  SCV x2  
  102  7:54  Marine  
  102  7:55  Supply Depot  
  102  7:56  Supply Depot  
  107  7:58  Marauder  
  107  8:05  SCV x2  
  109  8:10  Marauder  
  110  8:17  Marine, SCV x2  
  115  8:20  Marauder  
  115  8:24  Marine x2  
  115  8:26  Medivac x2  
  120  8:31  Marine  
  111  8:34  Marine  
  111  8:40  Marine  
  101  8:42  Marine  
  101  8:44  Marine  
  99  8:49  Marauder  
  99  8:52  Marine  
  89  8:56  Medivac  
  89  8:59  Marauder  
  89  9:00  Marine  
  89  9:01  Marine  
  85  9:08  Medivac  
  83  9:10  Marine, Marauder  
  83  9:15  Terran Infantry Armor Level 1  
  86  9:17  Marine  
  86  9:19  Marine  
  86  9:20  Marine  
  89  9:27  SCV x2  
  89  9:28  Marine  
  92  9:31  Marine  
  92  9:35  Marine  
  92  9:37  Marine  
  92  9:38  Marauder  
  96  9:39  SCV x2  
  96  9:43  Medivac  
  100  9:46  Marine  
  100  9:50  Marauder  
  100  9:51  SCV  
  100  9:52  SCV  
  105  9:53  Marine  
  105  9:55  Marine  
  105  9:57  Medivac  
  105  9:59  Marauder  
  111  10:03  SCV  
  111  10:04  Marine  
  106  10:11  Marine, Marauder  
  106  10:13  Marine  
  108  10:21  Marine, Marauder  
  108  10:22  Medivac  
  111  10:29  Marine  
  111  10:31  Marine  
  111  10:32  Marine  
  111  10:33  Medivac  
  116  10:39  Marine  
  116  10:42  Marine  
  113  10:47  Marine  
  113  10:48  Marine  
  111  10:50  Marine, Orbital Command  
  106  10:57  Marine  
  106  11:00  Marauder  
  109  11:04  Marine  
  109  11:05  SCV  
  109  11:06  Marine  
  109  11:07  Marine  
  112  11:15  Marine  
  108  11:21  Marauder  
  108  11:22  Marine  
  108  11:24  Marine  
  105  11:26  Marauder  
  107  11:33  Marine  
Tags
 
Add a new tag
Caveats
  • Supply blocks, unpowered buildings, or Contaminate may cause inaccurate times.
  • Supply counts are checked every 10 seconds.